 Dungeon Crawl Stone Soup version 0.24.0-125-gc4c63601f3 (webtiles) character file.

Game seed: 5105984179417693010, levelgen mode: deterministic

4 lepoulpe303 the Grave Robber (level 1, 0/13 HPs)
             Began as a Demonspawn Necromancer on Mar 7, 2020.
             Slain by a ball python (1 damage)
             ... on level 1 of the Dungeon.
             The game lasted 00:01:13 (313 turns).

lepoulpe303 the Grave Robber (DsNe)                  Turns: 313, Time: 00:01:14

Health: 0/13       AC:  2    Str:  8    XL:     1   Next: 50%
Magic:  0/3        EV: 12    Int: 16    God:
Gold:   7          SH:  0    Dex: 13    Spells: 3/4 levels left

rFire    . . .     SeeInvis .   (no weapon)
rCold    . . .     Gourm    .   (no shield)
rNeg     . . .     Faith    .   a - +0 robe
rPois    .         Spirit   .   (no helmet)
rElec    .         Reflect  .   (no cloak)
rCorr    .         Harm     .   (no gloves)
MR       .....                  (no boots)
Stlth    ++........             (no amulet)
HPRegen  0.04/turn              (no ring)
MPRegen  0.08/turn              (no ring)

@: no status effects
A: no striking features
a: no special abilities


You were on level 1 of the Dungeon.
You were not hungry.

You visited 1 branch of the dungeon, and saw 1 of its levels.

You collected 7 gold pieces.

Inventory:

Armour
 a - a +0 robe (worn)
Comestibles
 e - a ration


   Skills:
 + Level 1.8 Dodging
 + Level 1.9 Stealth
 + Level 2.0 Spellcasting
 + Level 4.4 Necromancy


You had 3 spell levels left.
You knew the following spells:

 Your Spells              Type           Power        Failure   Level  Hunger
a - Pain                  Necr           ###.         3%          1    #......

Your spell library contained the following spells:

 Spells                   Type           Power        Failure   Level  Hunger
 Animate Skeleton         Necr           N/A          3%          1    #......
 Vampiric Draining        Necr           ###.......   10%         3    ###....
 Regeneration             Chrm/Necr      #.........   26%         3    ###....
 Animate Dead             Necr           N/A          32%         4    #####..


Dungeon Overview and Level Annotations

Branches:
Dungeon (1/15)

Altars:


Message History

You take 3 damage, and have 2/13 hp.
MASSIVE DAMAGE!!
You escape the ball python's grasp.
The jackal barely misses you.
Your magical contamination has completely faded away.
As you open the door, it creaks loudly! The ball python bites you.
* * * LOW HITPOINT WARNING * * *
The ball python completely misses you.
There is an open door here.
You take 1 damage, and have 1/13 hp.
Aim: a jackal (almost dead, chance to defeat MR: 85%)
The ball python writhes in agony.
* * * LOW MAGIC WARNING * * *
The ball python bites you but does no damage.
The ball python barely misses you.
You now have 0/3 mp.
Found 5 gold pieces.
Found a stone staircase leading down.
The ball python misses you. The ball python completely misses you.
The ball python bites you.
You die...

#.##. ..#. #.#.
###### ... ##.....
#.. #...<.. #..
##.(... ##.#######
###'##
#..@S.h.h######(.(((
#...h......##.(((.(.
#....$...#.'....(8((
#.>......####.((.((.
#........# ###.((((
#........# ######
#........#
##########


You could see 3 jackals and a ball python.

Levels and vault maps discovered:
D:1:      minmay_arrival_shattered_statue, layout_basic

Notes
Turn   | Place    | Note
-------+----------+-------------------------------------------
     0 | D:1      | lepoulpe303 the Demonspawn Necromancer began the quest for
                  | the Orb.
     0 | D:1      | Reached XP level 1. HP: 13/13 MP: 3/3
    20 | D:1      | HP: 3/13 [jackal (1)]
   301 | D:1      | HP: 3/13 [ball python (2)]
   304 | D:1      | HP: 1/13 [ball python (1)]
   313 | D:1      | Slain by a ball python

Table legend:
 A = Turns spent in this place as a percentage of turns spent in the entire game.
 B = Non-inter-level travel turns spent in this place as a percentage of non-inter-level travel turns spent in the entire game.
 C = Inter-level travel turns spent in this place as a percentage of turns spent in this place.
 D = Turns resting spent in this place as a percentage of non-inter-level travel turns spent in this place.
 E = Turns spent auto-exploring this place as a percentage of non-inter-level travel turns spent in this place.
 F = Non-inter-level travel turns spent in this place divided by the number of levels of this place that you've seen.
                   A       B       C       D       E      F
               +-------+-------+-------+-------+-------+----------------------
         Total | 100.0 | 100.0 |   0.0 |  79.6 |   0.0 | 313.0
       Dungeon | 100.0 | 100.0 |   0.0 |  79.6 |   0.0 | 313.0
               +-------+-------+-------+-------+-------+----------------------

Table legend:
 A = Kills in this place as a percentage of kills in entire the game.
 B = Kills by you in this place as a percentage of kills by you in the entire game.
 C = Kills by friends in this place as a percentage of kills by friends in the entire game.
 D = Other kills in this place as a percentage of other kills in the entire game.
 E = Experience gained in this place as a percentage of experience gained in the entire game.
 F = Experience gained in this place divided by the number of levels of this place that you have seen.
                   A       B       C       D       E      F
               +-------+-------+-------+-------+-------+----------------------
         Total | 100.0 | 100.0 |   N/A |   N/A | 100.0 |   6.0
       Dungeon | 100.0 | 100.0 |   N/A |   N/A | 100.0 |   6.0
               +-------+-------+-------+-------+-------+----------------------

Action                   || total
-------------------------++-------
 Cast: Pain              ||     8
Armor: Robe              ||     2
Dodge: Dodged            ||    18

Vanquished Creatures
  3 jackals (D:1)
3 creatures vanquished.
